 Dungeon Crawl Stone Soup version 0.26-a0-639-g72c4674329 (webtiles) character file.

Game seed: 13890834351121417252

239 DogServant the Slinger (level 6, -1/42 HPs)
             Began as a Halfling Hunter on Sept 15, 2020.
             Slain by Natasha (6 damage)
             ... on level 3 of the Dungeon.
             The game lasted 00:08:06 (4710 turns).

DogServant the Slinger (Halfling Hunter)            Turns: 4710, Time: 00:08:07

Health: -1/42      AC:  3    Str: 15    XL:     6   Next: 29%
Magic:  6/6        EV: 14    Int:  9    God:
Gold:   206        SH:  0    Dex: 15    Spells: 5/5 levels left

rFire    + . .     SeeInvis .   k - -2 rapier (curse)
rCold    . . .     Faith    .   (shield restricted)
rNeg     . . .     Spirit   .   c - +0 leather armour
rPois    .         Reflect  .   (no helmet)
rElec    .         Harm     .   (no cloak)
rCorr    .         Rampage  .   (no gloves)
MR       .....                  (no boots)
Stlth    ++........             (no amulet)
HPRegen  0.14/turn              f - ring of protection from fire
MPRegen  0.10/turn              (no ring)

@: no status effects
A: small, mutation resistance 1
a: no special abilities


You were on level 3 of the Dungeon.
You visited 1 branch of the dungeon, and saw 4 of its levels.

You collected 206 gold pieces.

Inventory:

Hand Weapons
 a - a +1 hunting sling
 b - a +0 short sword
 k - a cursed -2 rapier (weapon)
Missiles
 d - 29 sling bullets
 e - 221 stones (quivered)
Armour
 c - a +0 leather armour (worn)
 n - a +0 pair of boots
Jewellery
 f - a ring of protection from fire (left hand)
Scrolls
 g - 4 scrolls of identify
Potions
 i - 4 potions of stabbing
 l - 2 potions of degeneration {unknown}


   Skills:
 + Level 3.1 Fighting
 * Level 8.4 Slings
 - Level 2.1 Dodging
 + Level 3.4 Stealth


You had 5 spell levels left.
You didn't know any spells.
Your spell library was empty.

Dungeon Overview and Level Annotations

Branches:
Dungeon (4/15)
 Temple: D:4-7

Altars:
Gozag
Kikubaaqudgha
Trog

Annotations:
D:3 Natasha


Innate Abilities, Weirdness & Mutations

You are small and have problems with some larger weapons.
You are somewhat resistant to further mutation.


Message History

You hit Natasha.
Natasha is moderately wounded.
Natasha stares at you and mumbles some strange words.
You resist with some effort. Natasha misses you.
You closely miss Natasha.
Natasha is moderately wounded.
Natasha misses you.
You closely miss Natasha.
Natasha is moderately wounded.
Natasha claws you!
* * * LOW HITPOINT WARNING * * *
You hit Natasha.
Natasha is severely wounded.
Natasha claws you!
* * * LOW HITPOINT WARNING * * *
You hit Natasha.
Natasha is severely wounded.
Natasha growls.
Natasha claws you.
You die...

## ##.# .###.############
#.#.............######
#....................#
##.#.##########.####.#
#)#.#....#####.## #.#
#.#.#.##........# #.#
#.#.#.##..#####.###.######
#.#.#.....# #@.........#
#.........# #h......##.#
##.......#[# #.##....##.#
...........#####.##....##.#
###..............##....##.#
##..........).........##.#
##...............##.#..##.#
....................#..##.#
.......#.....###.....)....#


You could see Natasha.

Vanquished Creatures
  2 vampire bats (D:3)
  Terence (D:2)
  3 adders
  An ooze (D:2)
  2 worms (D:2)
  3 dart slugs
  A leopard gecko (D:1)
  2 ball pythons (D:3)
  7 bats
  5 bat skeletons (D:3)
  A bat zombie (D:3)
  5 giant cockroaches
  9 goblins
  13 hobgoblins
  3 jackals (D:1)
  12 kobolds
  2 quokkas
  6 frilled lizards
  12 rats
90 creatures vanquished.

Notes
Turn   | Place    | Note
-------+----------+-------------------------------------------
     0 | D:1      | DogServant the Halfling Hunter began the quest for the Orb.
     0 | D:1      | Reached XP level 1. HP: 14/14 MP: 1/1
    37 | D:1      | Reached skill level 6 in Slings
    42 | D:1      | Reached XP level 2. HP: 13/19 MP: 2/2
   616 | D:1      | Reached XP level 3. HP: 23/24 MP: 3/3
  1868 | D:2      | Reached XP level 4. HP: 26/29 MP: 4/4
  1901 | D:2      | Noticed Terence
  1919 | D:2      | Killed Terence
  1919 | D:2      | Reached skill level 7 in Slings
  2191 | D:2      | Noticed a moth of wrath
  2193 | D:2      | Found a bloodstained altar of Trog.
  2232 | D:2      | Found an opulent altar of Gozag.
  2674 | D:2      | Reached XP level 5. HP: 35/35 MP: 5/5
  4378 | D:3      | Found an ancient bone altar of Kikubaaqudgha.
  4431 | D:3      | Reached skill level 8 in Slings
  4431 | D:3      | Reached XP level 6. HP: 6/42 MP: 6/6
  4687 | D:4      | Noticed Natasha
  4710 | D:3      | Slain by Natasha

Illustrated notes

Levels and vault maps discovered:
D:1:      dpeg_arrival_central, layout_basic, minmay_tromino_mix6
D:2:      layout_loops_ring, tgw_trog, nicolae_gozag_seed_capital, uniq_terence
D:3:      layout_loops_ring, kennysheep_vampire_church
D:4:      layout_cave_pools, minmay_temple_entry_statues, uniq_ijyb,
          uniq_natasha, uniq_edmund

Skill      XL: |  1  2  3  4  5 |
---------------+----------------+-----
Slings         | 6 7 8 |  8.4
Fighting       | 2 3 |  3.1
Stealth        | 2 3 |  3.4
Dodging        | |  2.1

Action                   |  1- 3 |  4- 6 || total
-------------------------+-------+-------++-------
Melee: Short sword       |   120 |     2 ||   122
       Rapier            |       |   236 ||   236
 Fire: Hunting sling     |    22 |    14 ||    36
  Use: Scroll            |       |     6 ||     6
       Potion            |       |     2 ||     2
 Stab: Sleeping          |     3 |    10 ||    13
Armor: Leather armour    |    43 |   102 ||   145
Dodge: Dodged            |   113 |   281 ||   394

Table legend: (Time is in decaauts)
 A = Elapsed time spent in this place.
 B = Non-inter-level travel time spent in this place.
 C = Inter-level travel time spent in this place.
 D = Time resting spent in this place.
 E = Time spent auto-exploring this place.
 F = Levels seen in this place.
 G = Mean time per level.
                   A        B        C        D        E       F      G
               +--------+--------+--------+--------+--------+-----+--------+
         Total |   4745 |   4641 |    104 |    686 |   2838 |   4 | 1186.2 |
       Dungeon |   4745 |   4641 |    104 |    686 |   2838 |   4 | 1186.2 |
               +--------+--------+--------+--------+--------+-----+--------+

Top non-repeatable levels by time:
     D:1: 1777 daAuts
     D:2: 1693 daAuts
     D:3: 1256 daAuts
     D:4: 17 daAuts
